TOP OF THE 1ST |
Hamilton Coyotes batting - Pitching for Vermont Lake Monsters : RHP Jing Hsi
|
Pitching: RHP Jing Hsi
|
|
Batting: SHB Aristotle Auer
|
0-0: Called Strike 0-1: Fly out, F5 (Line Drive, 6, EV 64.4 MPH)
|
Batting: RHB Michael Collier
|
0-0: Ball 1-0: Ball 2-0: Fly out, F9 (Flyball, 89S, EV 85.6 MPH)
|
Batting: SHB Alex Warner
|
0-0: Foul Ball, location: 2F 0-1: Foul Ball, location: 2F 0-2: SOLO HOME RUN (Flyball, 9LD, EV 97.5 MPH), Distance : 348 ft
|
Batting: SHB Marcos Román
|
0-0: Called Strike 0-1: Ball 1-1: Ball 2-1: Called Strike 2-2: Ball 3-2: SINGLE (Groundball, 4D, EV 105.6 MPH)
|
Batting: LHB Jason Powell
|
0-0: Ball 1-0: Foul Ball, location: 2F 1-1: Called Strike 1-2: Ball 2-2: Strikes out swinging
|
Top of the 1st over - 1 run, 2 hits, 0 errors, 1 left on base; Hamilton 1 - Vermont 0 |
BOTTOM OF THE 1ST |
Vermont Lake Monsters batting - Pitching for Hamilton Coyotes : LHP Manu Jortikka
|
Pitching: LHP Manu Jortikka
|
|
Batting: RHB Wally Hill
|
0-0: Ground out 4-3 (Groundball, 4, EV 102.5 MPH)
|
Batting: RHB Meshach Ashpenaz
|
0-0: Called Strike 0-1: Ground out 5-3 (Groundball, 56S, EV 86.2 MPH)
|
Batting: SHB Enrique Martínez
|
0-0: Ball 1-0: Called Strike 1-1: Foul Ball, location: 2F 1-2: Foul Ball, location: 2F 1-2: Ball 2-2: Fly out, F7 (Line Drive, 7D, EV 101.2 MPH)
|
Bottom of the 1st over - 0 runs, 0 hits, 0 errors, 0 left on base; Hamilton 1 - Vermont 0 |
TOP OF THE 2ND |
Hamilton Coyotes batting - Pitching for Vermont Lake Monsters : RHP Jing Hsi
|
Batting: RHB Gary Goodwin
|
0-0: Called Strike 0-1: Called Strike 0-2: Ball 1-2: Strikes out swinging
|
Batting: RHB Cary Collins
|
0-0: Called Strike 0-1: Foul Ball, location: 2F 0-2: Ball 1-2: Ball 2-2: SINGLE (Line Drive, 78S, EV 106.2 MPH)
|
Batting: RHB Kazunari Mizuno
|
0-0: Ball Wild Pitch! Cary Collins to second 1-0: Ball 2-0: Called Strike 2-1: Foul Ball, location: 2F 2-2: Strikes out swinging
|
Batting: SHB Júlio Moreno
|
0-0: Called Strike 0-1: Called Strike 0-2: Foul Ball, location: 2F 0-2: Ball 1-2: Ground out U3 (Groundball, 3L, EV 105.6 MPH)
|
Top of the 2nd over - 0 runs, 1 hit, 0 errors, 1 left on base; Hamilton 1 - Vermont 0 |
BOTTOM OF THE 2ND |
Vermont Lake Monsters batting - Pitching for Hamilton Coyotes : LHP Manu Jortikka
|
Batting: RHB Dragoljub Kandic
|
0-0: Called Strike 0-1: Ground out 4-3 (Groundball, 4S, EV 84.4 MPH)
|
Batting: SHB Senthamilselvi Manohoran
|
0-0: Ball 1-0: Ball 2-0: Ball 3-0: Base on Balls
|
Batting: LHB Todd Strachota
|
0-0: Called Strike 0-1: Foul Ball, location: 2F 0-2: Ball 1-2: Fly out, F9 (Flyball, 89D, EV 73.1 MPH)
|
Batting: LHB Ryan Ferguson
|
0-0: Ball 1-0: Ball 2-0: Foul Ball, location: 2F 2-1: Called Strike 2-2: Fly out, F7 (Flyball, 7, EV 93.8 MPH)
|
Bottom of the 2nd over - 0 runs, 0 hits, 0 errors, 1 left on base; Hamilton 1 - Vermont 0 |
TOP OF THE 3RD |
Hamilton Coyotes batting - Pitching for Vermont Lake Monsters : RHP Jing Hsi
|
Batting: SHB Aristotle Auer
|
0-0: Ball 1-0: Ground out 4-3 (Groundball, 34, EV 102.5 MPH)
|
Batting: RHB Michael Collier
|
0-0: Called Strike 0-1: Ball 1-1: Swinging Strike 1-2: Strikes out swinging
|
Batting: SHB Alex Warner
|
0-0: Ball 1-0: Swinging Strike 1-1: Ball 2-1: Ground out 1-4-3 (Groundball, 15S, EV 104.4 MPH)
|
Top of the 3rd over - 0 runs, 0 hits, 0 errors, 0 left on base; Hamilton 1 - Vermont 0 |
BOTTOM OF THE 3RD |
Vermont Lake Monsters batting - Pitching for Hamilton Coyotes : LHP Manu Jortikka
|
Batting: RHB Mark Kirk
|
0-0: Called Strike 0-1: SINGLE (Line Drive, 89M, EV 96.9 MPH)
|
Batting: SHB Junya Furuya
|
0-0: Ball 1-0: Called Strike 1-1: Ball 2-1: Ball 3-1: Fly out, F7 (Line Drive, 7, EV 106.2 MPH)
|
Batting: RHB Wally Hill
|
0-0: Ball 1-0: Ball 2-0: SINGLE (Line Drive, 8LS, EV 105.6 MPH) Mark Kirk to second
|
Batting: RHB Meshach Ashpenaz
|
0-0: Called Strike 0-1: SINGLE (Groundball, 56, EV 93.1 MPH) (infield hit) Mark Kirk to third Wally Hill to second
|
Batting: SHB Enrique Martínez
|
0-0: Called Strike 0-1: Swinging Strike 0-2: Strikes out swinging
|
Batting: RHB Dragoljub Kandic
|
0-0: Ball 1-0: Foul Ball, location: 2F 1-1: Swinging Strike 1-2: Ball 2-2: Strikes out looking
|
Bottom of the 3rd over - 0 runs, 3 hits, 0 errors, 3 left on base; Hamilton 1 - Vermont 0 |
TOP OF THE 4TH |
Hamilton Coyotes batting - Pitching for Vermont Lake Monsters : RHP Jing Hsi
|
Batting: SHB Marcos Román
|
0-0: Ball 1-0: Foul Ball, location: 2F 1-1: Ball 2-1: Ball 3-1: Foul Ball, location: 2F 3-2: Strikes out swinging
|
Batting: LHB Jason Powell
|
0-0: Called Strike 0-1: Swinging Strike 0-2: Foul Ball, location: 2F 0-2: Ball 1-2: Strikes out swinging
|
Batting: RHB Gary Goodwin
|
0-0: Ball 1-0: Ball 2-0: Swinging Strike 2-1: Foul Ball, location: 2F 2-2: Strikes out swinging
|
Top of the 4th over - 0 runs, 0 hits, 0 errors, 0 left on base; Hamilton 1 - Vermont 0 |
BOTTOM OF THE 4TH |
Vermont Lake Monsters batting - Pitching for Hamilton Coyotes : LHP Manu Jortikka
|
Batting: SHB Senthamilselvi Manohoran
|
0-0: Called Strike 0-1: Ball 1-1: Ball 2-1: Ball 3-1: Called Strike 3-2: Strikes out swinging
|
Batting: LHB Todd Strachota
|
0-0: Called Strike 0-1: Ball 1-1: SOLO HOME RUN (Flyball, 9D, EV 103.8 MPH), Distance : 371 ft
|
Batting: LHB Ryan Ferguson
|
0-0: Called Strike 0-1: Foul Ball, location: 2F 0-2: Foul Ball, location: 2F 0-2: DOUBLE (Line Drive, 89D, EV 99.4 MPH)
|
Batting: RHB Mark Kirk
|
0-0: Called Strike 0-1: Ball 1-1: Ball 2-1: Swinging Strike 2-2: Ball 3-2: Strikes out swinging
|
Batting: SHB Junya Furuya
|
0-0: Ball 1-0: Called Strike 1-1: Fly out, F8 (Line Drive, 8LD, EV 106.2 MPH)
|
Bottom of the 4th over - 1 run, 2 hits, 0 errors, 1 left on base; Hamilton 1 - Vermont 1 |
TOP OF THE 5TH |
Hamilton Coyotes batting - Pitching for Vermont Lake Monsters : RHP Jing Hsi
|
Batting: RHB Cary Collins
|
0-0: Called Strike 0-1: Foul Ball, location: 2F 0-2: Foul Ball, location: 2F 0-2: Ball 1-2: Foul Ball, location: 2F 1-2: Foul Ball, location: 2F 1-2: Fly out, F7 (Flyball, 7, EV 91.2 MPH)
|
Pitching: RHP Kee Bao
|
|
Batting: RHB Kazunari Mizuno
|
0-0: Fly out, F8 (Flyball, 78M, EV 83.8 MPH)
|
Batting: SHB Júlio Moreno
|
0-0: Swinging Strike 0-1: Swinging Strike 0-2: Strikes out swinging
|
Top of the 5th over - 0 runs, 0 hits, 0 errors, 0 left on base; Hamilton 1 - Vermont 1 |
BOTTOM OF THE 5TH |
Vermont Lake Monsters batting - Pitching for Hamilton Coyotes : LHP Manu Jortikka
|
Batting: RHB Wally Hill
|
0-0: Ball 1-0: Fly out, F9 (Flyball, 9S, EV 80.0 MPH)
|
Batting: RHB Meshach Ashpenaz
|
0-0: Ball 1-0: Swinging Strike 1-1: SINGLE (Flyball, 89S, EV 91.9 MPH)
|
Batting: SHB Enrique Martínez
|
0-0: Ball 1-0: Called Strike 1-1: Ball 2-1: Foul Ball, location: 2F 2-2: Ball 3-2: Ground out 1-3 (Groundball, 13S, EV 68.1 MPH) Meshach Ashpenaz to second
|
Batting: RHB Dragoljub Kandic
|
0-0: Intentional Walk
|
Batting: SHB Senthamilselvi Manohoran
|
0-0: Ball 1-0: Fielders Choice at 2nd, 5-4 (Groundball, 56, EV 78.1 MPH)
|
Bottom of the 5th over - 0 runs, 1 hit, 0 errors, 2 left on base; Hamilton 1 - Vermont 1 |
TOP OF THE 6TH |
Hamilton Coyotes batting - Pitching for Vermont Lake Monsters : RHP Kee Bao
|
Batting: SHB Aristotle Auer
|
0-0: Called Strike 0-1: Called Strike 0-2: Ball 1-2: Ball 2-2: Foul Ball, location: 2F 2-2: Ball 3-2: Ground out 1-3 (Groundball, 34S, EV 88.8 MPH)
|
Batting: RHB Michael Collier
|
0-0: Ball 1-0: Called Strike 1-1: Swinging Strike 1-2: Strikes out swinging
|
Batting: SHB Alex Warner
|
0-0: Foul Ball, location: 2F 0-1: Ball 1-1: Foul Ball, location: 2F 1-2: Fly out, F7 (Flyball, 78S, EV 93.8 MPH)
|
Top of the 6th over - 0 runs, 0 hits, 0 errors, 0 left on base; Hamilton 1 - Vermont 1 |
BOTTOM OF THE 6TH |
Vermont Lake Monsters batting - Pitching for Hamilton Coyotes : LHP Manu Jortikka
|
Batting: LHB Todd Strachota
|
0-0: Ball 1-0: Called Strike 1-1: SINGLE (Groundball, 6M, EV 85.0 MPH) (infield hit)
|
Batting: LHB Ryan Ferguson
|
0-0: Sac Bunt to P - play at first, batter OUT! 1-4 Todd Strachota to second
|
Batting: RHB Mark Kirk
|
0-0: Intentional Walk
|
Batting: SHB Junya Furuya
|
0-0: Foul Ball, location: 2F 0-1: Ball 1-1: Swinging Strike 1-2: Strikes out swinging
|
Batting: RHB Wally Hill
|
0-0: Ball 1-0: TRIPLE (Line Drive, 89XD, EV 107.5 MPH) Todd Strachota scores Mark Kirk scores
|
Batting: RHB Meshach Ashpenaz
|
0-0: Called Strike 0-1: Ball 1-1: Ball 2-1: Called Strike 2-2: Foul Ball, location: 2F 2-2: Foul Ball, location: 2F 2-2: Ball 3-2: Ground out 4-3 (Groundball, 4, EV 88.1 MPH)
|
Bottom of the 6th over - 2 runs, 2 hits, 0 errors, 1 left on base; Hamilton 1 - Vermont 3 |
TOP OF THE 7TH |
Hamilton Coyotes batting - Pitching for Vermont Lake Monsters : RHP Kee Bao
|
Batting: SHB Marcos Román
|
0-0: Ball 1-0: Ball 2-0: Foul Ball, location: 2F 2-1: Ball 3-1: Called Strike 3-2: Base on Balls
|
Batting: LHB Jason Powell
|
0-0: Ball Marcos Román is caught stealing 2nd base 2-6 1-0: Foul Ball, location: 2F 1-1: Ball 2-1: Ball 3-1: Called Strike 3-2: Base on Balls
|
Batting: RHB Gary Goodwin
|
0-0: Ball Jason Powell is caught stealing 2nd base 2-4 1-0: Ball 2-0: Foul Ball, location: 2F 2-1: Foul Ball, location: 2F 2-2: Foul Ball, location: 2F 2-2: Strikes out looking
|
Top of the 7th over - 0 runs, 0 hits, 0 errors, 0 left on base; Hamilton 1 - Vermont 3 |
BOTTOM OF THE 7TH |
Vermont Lake Monsters batting - Pitching for Hamilton Coyotes : LHP Manu Jortikka
|
Batting: SHB Enrique Martínez
|
0-0: Ball 1-0: Foul Ball, location: 2F 1-1: Ground out 5-3 (Groundball, 56, EV 98.8 MPH)
|
Batting: RHB Dragoljub Kandic
|
0-0: Ball 1-0: Ball 2-0: Called Strike 2-1: SINGLE (Flyball, 89M, EV 97.5 MPH)
|
Pitching: RHP Ken Dundee
|
|
Batting: SHB Senthamilselvi Manohoran
|
0-0: Ball 1-0: Swinging Strike 1-1: Ball 2-1: Ball 3-1: Base on Balls Dragoljub Kandic to second
|
Batting: LHB Todd Strachota
|
0-0: SINGLE (Groundball, 34D, EV 93.8 MPH) Dragoljub Kandic to third Senthamilselvi Manohoran to second
|
Batting: LHB Ryan Ferguson
|
0-0: Ball 1-0: Ball 2-0: Ball 3-0: Called Strike 3-1: SINGLE (Groundball, 6M, EV 84.4 MPH) (infield hit) Dragoljub Kandic scores Senthamilselvi Manohoran to third Todd Strachota to second
|
Batting: RHB Mark Kirk
|
0-0: Ball 1-0: Ball 2-0: Called Strike 2-1: Fly out, F8 (Line Drive, 8LM, EV 96.9 MPH) Runner from 3rd tags up, SCORES, throw by CF
|
Batting: SHB Junya Furuya
|
0-0: Ball 1-0: Ball 2-0: Called Strike 2-1: SINGLE (Groundball, 6, EV 101.9 MPH) (infield hit) Todd Strachota to third Ryan Ferguson to second
|
Batting: RHB Wally Hill
|
0-0: Called Strike 0-1: Ball 1-1: Ball 2-1: Foul Ball, location: 2F 2-2: Foul Ball, location: 2F 2-2: Ball 3-2: Foul Ball, location: 2F 3-2: Base on Balls Todd Strachota scores Ryan Ferguson to third Junya Furuya to second
|
Batting: RHB Meshach Ashpenaz
|
0-0: Ball 1-0: Ball 2-0: Fielders Choice at 2nd, 5-4 (Groundball, 56, EV 85.6 MPH)
|
Bottom of the 7th over - 3 runs, 4 hits, 0 errors, 3 left on base; Hamilton 1 - Vermont 6 |
TOP OF THE 8TH |
Hamilton Coyotes batting - Pitching for Vermont Lake Monsters : RHP Kee Bao
|
Batting: RHB Cary Collins
|
0-0: Swinging Strike 0-1: Ball 1-1: Ground out 5-3 (Groundball, 56, EV 81.9 MPH)
|
Batting: RHB Kazunari Mizuno
|
0-0: Ball 1-0: Foul Ball, location: 2F 1-1: Ball 2-1: Ground out 4-3 (Groundball, 4, EV 102.5 MPH)
|
Batting: SHB Júlio Moreno
|
0-0: Ground out 4-3 (Groundball, 4M, EV 89.4 MPH)
|
Top of the 8th over - 0 runs, 0 hits, 0 errors, 0 left on base; Hamilton 1 - Vermont 6 |
BOTTOM OF THE 8TH |
Vermont Lake Monsters batting - Pitching for Hamilton Coyotes : RHP Ken Dundee
|
Batting: SHB Enrique Martínez
|
0-0: Ball 1-0: Ball 2-0: Ball 3-0: Base on Balls
|
Pitching: RHP Erick Indiano
|
|
Batting: RHB Dragoljub Kandic
|
0-0: Called Strike 0-1: Ball 1-1: Ball 2-1: Foul Ball, location: 2F 2-2: Strikes out swinging
|
Batting: SHB Senthamilselvi Manohoran
|
0-0: Called Strike Enrique Martínez steals 2nd base 0-1: Ball 1-1: Foul Ball, location: 2F 1-2: Foul Ball, location: 2F 1-2: Ball 2-2: Ball 3-2: Fly out, F5 (Line Drive, 5, EV 67.5 MPH)
|
Batting: LHB Todd Strachota
|
0-0: SINGLE (Groundball, 56D, EV 97.5 MPH) Enrique Martínez to third Runner from 3rd tries for Home, SAFE, throw by LF to home Todd Strachota to second
|
Batting: LHB Ryan Ferguson
|
0-0: Ball 1-0: Called Strike 1-1: Ball 2-1: Swinging Strike 2-2: Ground out U3 (Groundball, 3, EV 96.2 MPH)
|
Bottom of the 8th over - 1 run, 1 hit, 0 errors, 1 left on base; Hamilton 1 - Vermont 7 |
TOP OF THE 9TH |
Hamilton Coyotes batting - Pitching for Vermont Lake Monsters : RHP Kee Bao
|
Batting: SHB Aristotle Auer
|
0-0: Ball 1-0: Swinging Strike 1-1: Ball 2-1: Fly out, F6 (Popup, 4MD, EV 70.0 MPH)
|
Batting: RHB Michael Collier
|
0-0: Ball 1-0: Ball 2-0: Called Strike 2-1: Ball 3-1: Called Strike 3-2: Base on Balls
|
Batting: SHB Alex Warner
|
0-0: Foul Ball, location: 2F 0-1: Called Strike 0-2: Ball 1-2: Foul Ball, location: 2F 1-2: Ball 2-2: Ball 3-2: Grounds into double play, 4-6-3 (Groundball, 4, EV 75.6 MPH)
|
Top of the 9th over - 0 runs, 0 hits, 0 errors, 0 left on base; Hamilton 1 - Vermont 7 |
|